 Dungeon Crawl Stone Soup version 0.26-a0-720-g2a1d101370 (webtiles) character file.

Game seed: 8303257823169912806

272 robertstho the Gusty (level 6, -2/44 HPs)
             Began as a Gnoll Air Elementalist on Nov 3, 2020.
             Slain by Grinder (6 damage)
             ... on level 3 of the Dungeon.
             The game lasted 00:04:23 (2581 turns).

robertstho the Gusty (Gnoll Air Elementalist)       Turns: 2581, Time: 00:04:25

Health: -2/44      AC:  2    Str: 11    XL:     6   Next: 23%
Magic:  0/14       EV: 15    Int: 19    God:
Gold:   179        SH:  0    Dex: 15    Spells: 0/15 levels left

rFire    . . .     SeeInvis .   p - +2 flail (protect)
rCold    . . .     Faith    .   (no shield)
rNeg     . . .     Spirit   .   a - +0 robe
rPois    .         Reflect  .   (no helmet)
rElec    .         Harm     .   (no cloak)
rCorr    .         Rampage  .   (no gloves)
MR       .....                  (no boots)
Stlth    +++.......             (no amulet)
HPRegen  0.14/turn              (no ring)
MPRegen  0.14/turn              (no ring)

@: very slightly contaminated
A: distributed training, fangs 1, strong nose
a: no special abilities


You were on level 3 of the Dungeon.
You visited 1 branch of the dungeon, and saw 3 of its levels.

You collected 179 gold pieces.

Inventory:

Hand Weapons
 p - a +2 flail of protection (weapon)
Armour
 a - a +0 robe (worn)
Magical Staves
 b - an uncursed staff of air
Jewellery
 l - an uncursed amulet of magic regeneration {unknown}
Scrolls
 e - 4 scrolls of teleportation {unknown}
 f - a scroll of identify {unknown}
 k - 3 scrolls of amnesia {unknown}
 m - a scroll of random uselessness {unknown}
 o - 2 scrolls of enchant weapon {unknown}
Potions
 c - a potion of mutation {unknown}
 d - a potion of might {unknown}
 g - a potion of stabbing {unknown}
 h - 3 potions of degeneration {unknown}
 i - a potion of berserk rage {unknown}
 j - 2 potions of heal wounds {unknown}
 n - a potion of brilliance {unknown}


   Skills:
 + Level 1.8 Fighting
 + Level 1.8 Short Blades
 + Level 1.8 Long Blades
 + Level 1.8 Axes
 + Level 1.8 Maces & Flails
 + Level 1.8 Polearms
 + Level 1.8 Staves
 + Level 1.8 Slings
 + Level 1.8 Bows
 + Level 1.8 Crossbows
 + Level 1.8 Throwing
 + Level 1.8 Armour
 + Level 4.9 Dodging
 + Level 4.5 Stealth
 + Level 1.8 Shields
 + Level 1.8 Unarmed Combat
 + Level 5.3 Spellcasting
 + Level 2.6 Conjurations
 + Level 1.4 Hexes
 + Level 1.4 Summonings
 + Level 1.4 Necromancy
 + Level 1.4 Translocations
 + Level 1.4 Transmutations
 + Level 1.4 Fire Magic
 + Level 1.4 Ice Magic
 + Level 5.6 Air Magic
 + Level 1.4 Earth Magic
 + Level 1.4 Poison Magic
 + Level 2.0 Invocations
 + Level 1.8 Evocations


You couldn't memorise any spells.
You knew the following spells:

 Your Spells              Type           Power        Failure   Level
a - Shock                 Conj/Air       ###.         2%          1
b - Swiftness             Air            ####....     1%          2
c - Static Discharge      Conj/Air       ###.....     7%          3
d - Airstrike             Air            ####......   12%         4
e - Lightning Bolt        Conj/Air       ###.......   52%         5

Your spell library contained the following spells:

 Spells                   Type           Power        Failure   Level


Dungeon Overview and Level Annotations

Branches:
Dungeon (3/15)

Altars:

Annotations:
D:3 Grinder


Innate Abilities, Weirdness & Mutations

Your experience applies equally to all skills.
You have very sharp teeth.
Your uncanny sense of smell can sniff out nearby items.


Message History

Casting: Static Discharge (dangerous; 7% risk of failure)
Confirm with . or Enter, or press ? or * to list all spells.
Press: ? - help, Shift-Dir - straight line You feel a surge of power!
The zap hits the orc!
You kill the orc!
The zap hits you. You resist. Something hits you!
You writhe in agony.
An orc comes into view. It is wielding a +0 dagger.
Things that are here:
a +0 mace; a +2 flail of protection; a +0 leather armour Your +2 flail of protection hums with potential!
p - a +2 flail of protection (weapon)
The orc shouts!
Found an opal ring.
You start putting on your amulet.
You continue putting on your small blue amulet.
Something hits you!
Keep equipping yourself?
* * * LOW HITPOINT WARNING * * *
You writhe in agony.
You die...

. #.. ###..= #######.o..#
.#..@{..# ......# #...###)##
. ......# ###..##.# ..
......# #...##.# .. ......#
#.#.##.# ... ......#
#..[##.# #.#
......########...#.##..#
#.##........##.#.#....# .
..........#...........####.#


You could see an orc.

Vanquished Creatures
  Sigmund (D:3)
  An orc priest (D:3)
  An adder (D:2)
  An ooze (D:3)
  A worm (D:3)
  A dart slug (D:2)
  2 leopard geckos (D:2)
  3 orcs (D:3)
  7 giant cockroaches
  3 goblins
  7 hobgoblins
  2 jackals (D:1)
  6 kobolds
  A quokka (D:2)
  4 bats
  3 frilled lizards
  6 rats
50 creatures vanquished.

Notes
Turn   | Place    | Note
-------+----------+-------------------------------------------
     0 | D:1      | robertstho the Gnoll Air Elementalist began the quest for
                  | the Orb.
     0 | D:1      | Reached XP level 1. HP: 13/13 MP: 6/6
   284 | D:1      | Reached XP level 2. HP: 19/19 MP: 5/7
   792 | D:2      | Identified a scroll of acquirement
   792 | D:2      | Acquired an uncursed staff of air
   819 | D:2      | Learned a level 2 spell: Swiftness
   983 | D:2      | Reached XP level 3. HP: 25/25 MP: 7/9
  1016 | D:2      | Reached skill level 5 in Spellcasting
  1177 | D:2      | Reached skill level 1 in Invocations
  1303 | D:2      | Reached skill level 1 in Fighting
  1303 | D:2      | Reached skill level 1 in Short Blades
  1303 | D:2      | Reached skill level 1 in Long Blades
  1303 | D:2      | Reached skill level 1 in Axes
  1303 | D:2      | Reached skill level 1 in Maces & Flails
  1303 | D:2      | Reached skill level 1 in Polearms
  1303 | D:2      | Reached skill level 1 in Staves
  1303 | D:2      | Reached skill level 1 in Slings
  1303 | D:2      | Reached skill level 1 in Bows
  1303 | D:2      | Reached skill level 1 in Crossbows
  1303 | D:2      | Reached skill level 1 in Throwing
  1303 | D:2      | Reached skill level 1 in Armour
  1303 | D:2      | Reached skill level 1 in Shields
  1303 | D:2      | Reached skill level 1 in Unarmed Combat
  1303 | D:2      | Reached skill level 1 in Evocations
  1745 | D:3      | Reached XP level 4. HP: 32/32 MP: 9/11
  1972 | D:3      | Noticed Sigmund
  2018 | D:3      | Killed Sigmund
  2018 | D:3      | Reached skill level 1 in Hexes
  2018 | D:3      | Reached skill level 1 in Summonings
  2018 | D:3      | Reached skill level 1 in Necromancy
  2018 | D:3      | Reached skill level 1 in Translocations
  2018 | D:3      | Reached skill level 1 in Transmutations
  2018 | D:3      | Reached skill level 1 in Fire Magic
  2018 | D:3      | Reached skill level 1 in Ice Magic
  2018 | D:3      | Reached skill level 1 in Earth Magic
  2018 | D:3      | Reached skill level 1 in Poison Magic
  2018 | D:3      | Reached XP level 5. HP: 5/38 MP: 5/12
  2018 | D:3      | Reached XP level 6. HP: 6/44 MP: 5/13
  2288 | D:3      | Learned a level 3 spell: Static Discharge
  2293 | D:3      | Learned a level 4 spell: Airstrike
  2299 | D:3      | Learned a level 5 spell: Lightning Bolt
  2561 | D:3      | Noticed Grinder
  2569 | D:3      | Paralysed by Grinder for 6 turns
  2581 | D:3      | Slain by Grinder

Illustrated notes

Levels and vault maps discovered:
D:1:      nzn_arrival_settlement, layout_loops_ring, st_stairs_13,
          serial_bayou_pond_e, nrook_loot_triangle
D:2:      layout_basic, minmay_pentomino_pile
D:3:      layout_rooms, serial_rivers, chequers_serial_rivers_micro_d,
          chequers_serial_rivers_micro_a, chequers_serial_rivers_large_a,
          chequers_serial_rivers_small_3, chequers_serial_rivers_micro_c,
          uniq_sigmund, uniq_grinder, uniq_crazy_yiuf_cottage

Skill      XL: |  1  2  3  4 |
---------------+-------------+-----
Conjurations   | 2 |  2.6
Spellcasting   | 5 |  5.3
Invocations    | 1 2 |  2.0
Fighting       | 1 |  1.8
Short Blades   | 1 |  1.8
Long Blades    | 1 |  1.8
Axes           | 1 |  1.8
Maces & Flails | 1 |  1.8
Polearms       | 1 |  1.8
Staves         | 1 |  1.8
Slings         | 1 |  1.8
Bows           | 1 |  1.8
Crossbows      | 1 |  1.8
Throwing       | 1 |  1.8
Armour         | 1 |  1.8
Shields        | 1 |  1.8
Unarmed Combat | 1 |  1.8
Evocations     | 1 |  1.8
Hexes          | 1 |  1.4
Summonings     | 1 |  1.4
Necromancy     | 1 |  1.4
Translocations | 1 |  1.4
Transmutations | 1 |  1.4
Fire Magic     | 1 |  1.4
Ice Magic      | 1 |  1.4
Earth Magic    | 1 |  1.4
Poison Magic   | 1 |  1.4
Dodging        | |  4.9
Stealth        | |  4.5
Air Magic      | |  5.6

Action                   |  1- 3 |  4- 6 || total
-------------------------+-------+-------++-------
 Cast: Shock             |    51 |    37 ||    88
       Airstrike         |       |     2 ||     2
       Static Discharge  |       |     1 ||     1
  Use: Scroll            |     3 |       ||     3
       Potion            |       |     2 ||     2
Dodge: Dodged            |     1 |     4 ||     5

Table legend: (Time is in decaauts)
 A = Elapsed time spent in this place.
 B = Non-inter-level travel time spent in this place.
 C = Inter-level travel time spent in this place.
 D = Time resting spent in this place.
 E = Time spent auto-exploring this place.
 F = Levels seen in this place.
 G = Mean time per level.
                   A        B        C        D        E       F      G
               +--------+--------+--------+--------+--------+-----+--------+
         Total |   2580 |   2538 |     42 |    539 |   1752 |   3 |  860.0 |
       Dungeon |   2580 |   2538 |     42 |    539 |   1752 |   3 |  860.0 |
               +--------+--------+--------+--------+--------+-----+--------+

Top non-repeatable levels by time:
     D:2: 954 daAuts
     D:3: 836 daAuts
     D:1: 790 daAuts
